Map: Bel'Shir Vestige LE (Void)

Players

Railgan - Winner!

  • Race: Zerg Zerg
  • League: Grandmaster
  • Spawn Location: 11:00

Tesserakt

  • Race: Zerg Zerg
  • League: Master
  • Spawn Location: 5:00

VOD

Have the link to the VOD?

Description

Time

  • Played on: March 13, 2017, 7:50 p.m.
  • Length: 3:36
Show
View Real Time Build Order
Export as new Build Order

Railgan Zerg - Winner!

Build Orders: Hatch First 

Get SALT Encoding   

  12  0:01  Drone  
  13  0:12  Overlord  
  13  0:17  Drone  
  14  0:30  Drone x2  
  14  0:34  Drone  
  17  0:45  Drone  
  18  0:56  Hatchery  
  18  0:57  Drone  
  18  1:00  Extractor  
  17  1:12  Spawning Pool  
  17  1:16  Drone  
  17  1:18  Drone  
  18  1:29  Drone  
  19  1:40  Overlord  
  19  1:59  Queen  
  19  2:00  Zergling x4  
  23  2:09  Queen  
  23  2:10  Drone x2  
  23  2:12  Metabolic Boost  
  27  2:19  Drone  
  27  2:22  Drone  
  29  2:29  Drone  
  30  2:35  Drone, Baneling Nest, Queen  
  32  2:40  Overlord  
  32  2:50  Zergling x2  
  33  2:52  Zergling x2  
  34  3:00  Zergling x2  
  34  3:04  Zergling x4  
  36  3:07  Zergling x6  
  39  3:13  Overlord  
  39  3:18  Zergling x2  
Show
View Real Time Build Order
Export as new Build Order

Tesserakt Zerg 

Build Orders: 3 Hatch before Pool 

Get SALT Encoding   

  12  0:00  Drone  
  13  0:12  Overlord  
  13  0:17  Drone  
  14  0:30  Drone x2  
  14  0:34  Drone  
  17  0:52  Hatchery  
  17  0:54  Drone  
  18  1:04  Drone  
  18  1:08  Extractor  
  17  1:16  Drone  
  19  1:25  Drone  
  20  1:29  Drone  
  20  1:31  Hatchery  
  20  1:41  Spawning Pool  
  20  1:43  Drone  
  20  1:46  Extractor  
  19  1:52  Drone  
  20  2:12  Overlord  
  20  2:13  Drone x2  
  22  2:16  Drone  
  22  2:22  Drone  
  24  2:25  Drone  
  25  2:33  Zergling x2  
  25  2:34  Queen x2  
  25  2:36  Zergling x2  
  31  2:42  Drone  
  31  2:43  Drone  
  32  3:02  Drone x4  
  35  3:09  Drone  
  42  3:31  Baneling Nest  
Tags
 
Add a new tag
Caveats
  • Supply blocks, unpowered buildings, or Contaminate may cause inaccurate times.
  • Supply counts are checked every 10 seconds.